 Dungeon Crawl Stone Soup version 0.23.2 (webtiles) character file.

Game seed: 3647131892844919529

54494 Kairos the Warrior (level 15, -18/130 HPs)
             Began as a Formicid Abyssal Knight on Apr 10, 2019.
             Was the Champion of Lugonu.
             Demolished by a death yak (20 damage)
             ... on level 6 of the Lair of Beasts.
             The game lasted 00:36:50 (21583 turns).

Kairos the Warrior (Formicid Abyssal Knight)       Turns: 21583, Time: 00:36:51

Health: -18/130    AC: 14    Str: 21    XL:     15   Next: 14%
Magic:  17/17      EV: 11    Int: 15    God:    Lugonu [******]
Gold:   1335       SH: 10    Dex: 12    Spells: 19/19 levels left

rFire    + + .     SeeInvis +   i - +6 hunting sling "Ant's Doom" {freeze, Int+3 Dex+2 Stlth+}
rCold    . . .     Gourm    .   p - +2 shield {rC+}
rNeg     . . .     Faith    .   L - +0 fire dragon scales
rPois    .         Spirit   .   (helmet unavailable)
rElec    .         Reflect  .   y - scarf {cloud immunity}
rCorr    +         Harm     .   F - +0 pair of gloves (curse)
MR       ++...                  (no boots)
Stlth    ++........             u - amulet of the acrobat
HPRegen  0.31/turn              t - ring of resist corrosion
MPRegen  0.15/turn              s - +3 ring of evasion

@: lethally poisoned (-18 -> -19)
A: permanent stasis, dig shafts and tunnels, four strong arms, antennae 3, low
mp 1, magic resistance 1, weak 1, wild magic 1
a: Dig, Shaft Self, Depart the Abyss, Bend Space, Banish, Corrupt, Enter the
Abyss, Brand Weapon With Distortion, Renounce Religion


You were on level 6 of the Lair of Beasts.
You worshipped Lugonu.
Lugonu was exalted by your worship.
You were near starving.

You visited 2 branches of the dungeon, and saw 17 of its levels.
You visited the Abyss 1 time.
You also visited: Bailey and Volcano.

You collected 1335 gold pieces.

Inventory:

Hand Weapons
 i - the +6 hunting sling "Ant's Doom" (weapon) {freeze, Int+3 Dex+2 Stlth+}
   (You found it on level 2 of the Abyss)

   It causes projectiles fired from it to freeze those they strike, causing
   extra injury to most foes and up to half again as much damage against
   particularly susceptible opponents.
   They can also slow down cold-blooded creatures.
   It affects your intelligence (+3).
   It affects your dexterity (+2).
   It makes you more stealthy.
 V - a +1 lajatang of flaming
 X - a +4 glaive
Missiles
 b - 4 javelins of penetration
 g - 8 steel javelins
 k - 160 stones (quivered)
 G - 38 sling bullets
 I - 3 throwing nets
Armour
 p - a +2 shield of cold resistance (worn)
 y - a scarf of cloud immunity (worn)
 F - a cursed +0 pair of gloves (worn)
 J - a +0 cloak of fire resistance
 K - +0 fire dragon scales
 L - +0 fire dragon scales (worn)
Jewellery
 h - an uncursed ring of positive energy
 j - an uncursed ring of flight
 s - a +3 ring of evasion (right hand)
 t - a ring of resist corrosion (left hand)
 u - an amulet of the acrobat (around neck)
 R - an uncursed ring of protection from cold
Wands
 w - a wand of paralysis (5)
 x - a wand of iceblast (29)
 H - a wand of scattershot (10)
 P - a wand of flame (16)
 S - a wand of clouds (4)
 U - a wand of acid (7)
 Z - a wand of enslavement (10)
Scrolls
 a - 3 scrolls of remove curse
 n - 9 scrolls of enchant weapon
 o - a scroll of random uselessness {unknown}
 v - a scroll of amnesia
 A - a scroll of fear {unknown}
 D - 4 scrolls of enchant armour
 E - 4 scrolls of immolation {unknown}
 M - 2 scrolls of brand weapon {unknown}
 N - a scroll of vulnerability {unknown}
 Q - 2 scrolls of silence
 T - a scroll of acquirement {unknown}
Potions
 d - 15 potions of curing
 e - a potion of cancellation
 f - 2 potions of lignification
 l - 2 potions of haste
 m - 4 potions of heal wounds
 q - 2 potions of ambrosia
 r - 2 potions of invisibility {unknown}
 z - 4 potions of flight
 B - 2 potions of brilliance {unknown}
 O - 7 potions of might
 Y - 2 potions of resistance {unknown}
Comestibles
 c - 28 rations


   Skills:
 + Level 15.7 Fighting
 + Level 6.0(6.4) Polearms
 * Level 3.4(5.1) Staves
 - Level 13.7 Slings
 + Level 1.0(8.4) Throwing
 + Level 12.3 Armour
 + Level 3.6 Dodging
 + Level 5.1 Stealth
 + Level 0.5 Shields
 + Level 2.5 Spellcasting
 + Level 6.1 Invocations
 + Level 2.7 Evocations


You had 19 spell levels left.
You didn't know any spells.
Your spell library contained the following spells:

 Spells                   Type           Power        Failure   Level  Hunger
 Beastly Appendage        Tmut           #.....       99%         1    #......
 Corona                   Hex            #......      99%         1    #......
 Ensorcelled Hibernation  Hex/Ice        #.....       99%         2    ###....
 Sticks to Snakes         Tmut           #.......     99%         2    ###....
 Confuse                  Hex            #.......     100%        3    ###....
 Dazzling Spray           Conj/Hex       #.....       100%        3    ###....
 Spider Form              Tmut/Pois      #.........   100%        3    ###....
 Tukima's Dance           Hex            #.......     100%        3    ###....
 Ice Form                 Ice/Tmut       #.......     100%        4    #####..
 Blade Hands              Tmut           #.........   100%        5    ######.


Dungeon Overview and Level Annotations

Branches:
Dungeon (11/15)            Temple (0/1) D:4            Lair (6/6) D:8
  Swamp (0/4) Lair:3       Spider (0/4) Lair:4        Slime (0/5) Lair:6
    Orc (0/2) D:10

Altars:
Ashenzari
Fedhas
Gozag
Hepliaklqana
Nemelex Xobeh
Qazlal
Ru
Zin

Portals:
Trove: D:11 (give +6 fire dragon scales)

Annotations:
D:8 3 runed translucent doors, DungeonDestroyer's ghost, novice MiFi; Frank's ghost, novice OpFi
D:10 1 runed translucent door
Lair:5 corrupted


Innate Abilities, Weirdness & Mutations

You cannot be hasted, slowed, berserked, paralysed or teleported.
You can dig through walls and to a lower floor.
Your four strong arms can wield two-handed weapons with a shield.
You have a pair of large antennae on your head. (SInv)
Your magical capacity is low. (-10% MP)
You are resistant to hostile enchantments. (MR+)
You are weak. (Str -2)
Your spells are a little harder to cast, but a little more powerful.


Message History

You shoot a stone. The stone hits the death yak.
The stone freezes the death yak.
The death yak is heavily wounded.
You block the death yak's attack.
Firing (i - inventory. (/) - cycle)
k - 162 stones (quivered)
Press: ? - help, Shift-Dir - straight line, f/p - death yak
Aim: a death yak (heavily wounded)
You shoot a stone. The stone hits the death yak.
The stone freezes the death yak.
The death yak is heavily wounded.
You feel sick.
The death yak gores you but does no damage.
Firing (i - inventory. (/) - cycle)
k - 161 stones (quivered)
Press: ? - help, Shift-Dir - straight line, f/p - death yak
Aim: a death yak (heavily wounded)
You shoot a stone. The stone hits the death yak!
The stone freezes the death yak.
The death yak is severely wounded.
The death yak gores you!!
You die...

,,,,,,,,.F(........#**,,***,,,*
,,,,,,,,........÷.#***,,***,,,*
,,,,,,,,....Y.....###,,*.***,,**
,,,,,,,,.....({..<..##...,,,,,,*
,,,,,,,,.....F§.{........,,,,***
*****,,,..#....{F{..#P###,**,*
*,****#P.###{####*# ****** ***
###* ##Y# #@## ###


You could see a death yak.

Vanquished Creatures
  A fire dragon (Volcano)
  Harold (D:7)
  7 hydras
  Erica (Lair:1)
  3 two-headed ogres
  2 death yaks (Lair:6)
  A hell hog (Volcano)
  Urug (Lair:1)
  Nergalle (D:10)
  Pikel (D:5)
  2 orc knights (Bailey)
  A necromancer (Lair:3)
  An oklob plant (Lair:4)
  2 ugly things (D:11)
  3 black mambas
  Joseph (D:10)
  2 molten gargoyles (Volcano)
  Maurice (D:8)
  2 centaur skeletons
  A gargoyle (D:11)
  A rime drake (Lair:1)
  8 komodo dragons
  11 spiny frogs
  A troll (D:10)
  2 hornets
  Grinder (D:5)
  7 hippogriffs
  7 blink frogs
  A redback (Lair:4)
  2 vampires
  A spriggan (Lair:4)
  2 wyverns
  19 yaks
  9 fire bats
  Grum (D:8)
  A steam dragon (Volcano)
  3 vampire mosquitoes (Lair:6)
  Menkaure (D:5)
  4 basilisks
  2 swamp worms (Lair:3)
  9 water moccasins
  3 hell hounds (Volcano)
  4 porcupines
  2 phantoms
  A slave (D:5)
  15 orc warriors
  3 ice beasts
  2 sky beasts (D:8)
  Purgy (D:4)
  2 necrophages
  19 wolves
  4 centaurs
  3 ogres
  Blork the orc (D:5)
  14 crocodiles
  21 bullfrogs
  A big kobold (D:9)
  A water moccasin skeleton (D:8)
  2 scorpions
  2 howler monkeys
  2 crimson imps (D:5)
  6 lava snakes (Volcano)
  4 bullfrog zombies
  5 hounds
  4 jellies
  6 orc priests
  A bullfrog skeleton (D:11)
  13 orc wizards
  2 iguanas
  7 worker ants
  3 yak simulacra (Lair:3)
  2 polar bear simulacra (Lair:3)
  2 wolf simulacra (Lair:3)
  A hound zombie (D:6)
  Robin (D:2)
  A howler monkey skeleton (D:11)
  8 gnolls
  16 adders
  4 shadow imps
  An ooze (D:3)
  An adder skeleton (D:7)
  An adder zombie (D:9)
  6 worms
  3 dart slugs
  9 leopard geckos
  76 orcs
  17 bats
  2 giant cockroaches
  20 goblins
  6 hobgoblins
  7 jackals
  5 quokkas
  3 ball pythons (D:1)
  6 frilled lizards
  A jackal zombie (D:5)
  16 kobolds
  A leopard gecko skeleton (D:5)
  A quokka skeleton (D:5)
  10 rats
  4 river rat simulacra (Lair:3)
513 creatures vanquished.

Vanquished Creatures (others)
  A spiny frog (Lair:5)
  A hippogriff (Lair:6)
  A sky beast (D:11)
  19 fungi
  49 plants
  5 withered plants (D:8)
76 creatures vanquished.

Grand Total: 589 creatures vanquished

Notes
Turn   | Place    | Note
-------+----------+-------------------------------------------
     0 | Abyss:1  | Kairos the Formicid Abyssal Knight began the quest for the
                  | Orb.
     0 | Abyss:1  | Reached XP level 1. HP: 18/18 MP: 2/2
    17 | Abyss:1  | Found a stormy altar of Qazlal.
   126 | Abyss:2  | Noticed a neqoxec
   127 | Abyss:2  | Gained mutation: Your spells are a little easier to cast,
                  | but a little less powerful. [a neqoxec]
   137 | Abyss:2  | Noticed a raiju
   141 | Abyss:2  | Got a transparent hunting sling
   167 | Abyss:2  | Noticed a worldbinder
   174 | D:1      | Escaped the Abyss
   175 | D:1      | Identified the +6 hunting sling "Ant's Doom" {freeze, Int+3
                  | Dex+2 Stlth+} (You found it on level 2 of the Abyss)
   654 | D:1      | Reached XP level 2. HP: 24/24 MP: 3/3
   857 | D:1      | Reached * piety under Lugonu
  1181 | D:2      | Reached XP level 3. HP: 26/29 MP: 5/5
  1208 | D:2      | Reached skill level 1 in Throwing
  1528 | D:2      | Reached XP level 4. HP: 37/37 MP: 6/6
  1554 | D:2      | Reached skill level 1 in Slings
  1588 | D:2      | Reached skill level 4 in Fighting
  1599 | D:2      | Reached XP level 5. HP: 35/42 MP: 7/7
  1761 | D:2      | Identified the +1 helmet "Rumoqe" {rF+ Int+4 Dex+2}
  1761 | D:2      | Noticed Robin
  1793 | D:2      | Killed Robin
  1796 | D:2      | Reached ** piety under Lugonu
  2403 | D:3      | Reached XP level 6. HP: 49/49 MP: 8/8
  2567 | D:3      | Reached *** piety under Lugonu
  2747 | D:3      | Found a stormy altar of Qazlal.
  2815 | D:3      | Found a glowing silver altar of Zin.
  2815 | D:3      | Found a hazy altar of Hepliaklqana.
  2835 | D:3      | Lost mutation: Your spells are a little easier to cast, but
                  | a little less powerful. [potion of mutation]
  2835 | D:3      | Gained mutation: Your spells are a little harder to cast,
                  | but a little more powerful. [potion of mutation]
  2835 | D:3      | Gained mutation: You are weak. (Str -2) [potion of
                  | mutation]
  2835 | D:3      | Gained mutation: Your magical capacity is low. (-10% MP)
                  | [potion of mutation]
  2835 | D:3      | Gained mutation: You are resistant to hostile enchantments.
                  | (MR+) [potion of mutation]
  2860 | D:4      | Noticed Purgy
  2865 | D:4      | Killed Purgy
  2940 | D:4      | Found a sparkling altar of Nemelex Xobeh.
  2956 | D:4      | Found a staircase to the Ecumenical Temple.
  2976 | D:4      | Reached XP level 7. HP: 53/55 MP: 8/8
  3470 | D:4      | Reached skill level 5 in Slings
  3948 | D:5      | Entered Level 5 of the Dungeon
  4223 | D:5      | Reached skill level 1 in Stealth
  4625 | D:5      | Noticed Pikel
  4634 | D:5      | Killed Pikel
  4634 | D:5      | Reached skill level 5 in Fighting
  4634 | D:5      | Reached skill level 1 in Dodging
  4634 | D:5      | Reached XP level 8. HP: 57/63 MP: 9/9
  4656 | D:5      | Noticed Grinder
  4674 | D:5      | Killed Grinder
  4674 | D:5      | Reached XP level 9. HP: 69/69 MP: 10/10
  5049 | D:5      | Noticed Blork the orc
  5056 | D:5      | Killed Blork the orc
  5056 | D:5      | Reached skill level 6 in Fighting
  5061 | D:5      | Noticed Menkaure
  5069 | D:5      | Killed Menkaure
  5069 | D:5      | Reached skill level 10 in Slings
  5132 | D:5      | Reached **** piety under Lugonu
  6008 | D:6      | Got a bloodstained hand axe
  6009 | D:6      | Identified the +8 hand axe of Paockam {freeze, rN+ Str+4
                  | SInv} (You found it on level 6 of the Dungeon)
  6072 | D:7      | Found a blossoming altar of Fedhas.
  6291 | D:7      | Found a glowing silver altar of Zin.
  6390 | D:7      | Noticed Harold
  6416 | D:7      | Killed Harold
  6416 | D:7      | Reached skill level 7 in Fighting
  6416 | D:7      | Reached XP level 10. HP: 15/79 MP: 9/11
  7193 | D:7      | Found a shattered altar of Ashenzari.
  7339 | D:8      | Noticed Maurice
  7344 | D:8      | Noticed a two-headed ogre
  7349 | D:8      | Killed Maurice
  7349 | D:8      | Reached skill level 5 in Armour
  7371 | D:7      | Killed a two-headed ogre
  7465 | D:8      | Found a runed translucent gate.
  7465 | D:8      | Found a runed translucent gate.
  7473 | D:8      | Found a runed translucent gate.
  7477 | D:8      | Noticed DungeonDestroyer's ghost (novice MiFi)
  7478 | D:8      | Noticed Frank's ghost (novice OpFi)
  7605 | D:8      | Noticed Grum
  7647 | D:8      | Reached skill level 8 in Fighting
  7654 | D:8      | HP: 4/80 [Grum/-2 spear (11)]
  7656 | D:8      | Killed Grum
  8203 | D:8      | Reached XP level 11. HP: 86/86 MP: 12/12
  8325 | D:8      | Found a staircase to the Lair.
  8539 | D:9      | Reached skill level 9 in Fighting
  9202 | D:9      | Reached ***** piety under Lugonu
  9203 | D:9      | Found an opulent altar of Gozag.
  9778 | D:9      | Found a sacrificial altar of Ru.
 10147 | D:10     | Entered Level 10 of the Dungeon
 10248 | D:10     | Found a runed translucent door.
 10248 | D:10     | Noticed a sixfirhy
 10290 | D:10     | Reached skill level 10 in Fighting
 10291 | D:10     | Noticed Nergalle
 10342 | D:10     | Killed Nergalle
 10811 | D:10     | Reached skill level 5 in Invocations
 11110 | D:10     | Found a staircase to the Orcish Mines.
 11184 | D:10     | Noticed Joseph
 11192 | D:10     | Killed Joseph
 11438 | D:11     | Noticed a brown ugly thing
 11438 | D:11     | Noticed a two-headed ogre
 11445 | D:11     | Killed a two-headed ogre
 11445 | D:11     | Reached skill level 11 in Fighting
 11445 | D:11     | Reached XP level 12. HP: 82/100 MP: 14/14
 11547 | D:11     | Noticed an eight-headed hydra
 11590 | D:11     | Killed an eight-headed hydra
 11638 | D:11     | Found a portal to a secret trove of treasure.
 11688 | D:11     | Found a flagged portal.
 11816 | Bailey   | Entered a bailey
 11903 | Bailey   | Reached skill level 12 in Fighting
 12241 | Bailey   | Reached ****** piety under Lugonu
 12650 | Bailey   | Reached skill level 5 in Stealth
 12650 | Bailey   | Reached XP level 13. HP: 109/109 MP: 15/15
 12731 | D:11     | Reached skill level 13 in Fighting
 13218 | Lair:1   | Entered Level 1 of the Lair of Beasts
 13390 | Lair:1   | Reached skill level 10 in Armour
 13593 | Lair:1   | Noticed Erica
 13607 | Lair:1   | Killed Erica
 13722 | Lair:1   | Noticed Urug
 13737 | Lair:1   | Killed Urug
 13738 | Lair:1   | You fall through a shaft!
 13920 | Lair:2   | Noticed a seven-headed hydra
 13925 | Lair:2   | Killed a seven-headed hydra
 13925 | Lair:2   | Reached skill level 14 in Fighting
 13925 | Lair:2   | Reached XP level 14. HP: 99/120 MP: 16/16
 16696 | Lair:3   | Found a staircase to the Swamp.
 17319 | Lair:4   | Found a hole to the Spider Nest.
 17724 | Lair:4   | Reached skill level 15 in Fighting
 18311 | Lair:5   | Reached skill level 5 in Polearms
 19319 | Lair:5   | Corrupted Lair:5
 19382 | Lair:5   | Noticed a white draconian
 19482 | Lair:6   | Entered Level 6 of the Lair of Beasts
 19698 | Lair:6   | Found a dark tunnel.
 19724 | Volcano  | Entered a volcano
 19886 | Volcano  | Found a radiant altar of Vehumet.
 20734 | Lair:5   | Reached XP level 15. HP: 126/130 MP: 17/17
 21025 | Lair:6   | Reached skill level 1 in Staves
 21576 | Lair:6   | HP: 2/130 [death yak (19)]
 21582 | Lair:6   | HP: 1/130 [poisoned by a spiny frog]
 21583 | Lair:6   | Demolished by a death yak

Skill      XL: |  1  2  3  4  5  6  7  8  9 10 11 12 13 14 15 |
---------------+----------------------------------------------+-----
Invocations    | 3 4 5 6 |  6.1
Throwing       | 1 |  1.0
Slings         | 2 3 4 8 9 12 13 | 13.7
Fighting       | 4 5 7 8 11 12 14 15 | 15.7
Armour         | 3 4 5 7 9 10 12 | 12.3
Stealth        | 1 2 5 |  5.1
Dodging        | 1 2 3 |  3.6
Polearms       | 3 6 |  6.0
Spellcasting   | 2 |  2.5
Evocations     | 2 |  2.7
Staves         | 3 |  3.4
Shields        | |  0.5

Action                   |  1- 3 |  4- 6 |  7- 9 | 10-12 | 13-15 || total
-------------------------+-------+-------+-------+-------+-------++-------
Melee: Spear             |    36 |       |       |       |       ||    36
       Lajatang          |       |       |       |       |    70 ||    70
 Fire: Hunting sling     |    28 |   146 |   280 |   660 |   860 ||  1974
Throw: Javelin           |     3 |       |       |       |       ||     3
Invok: Depart the Abyss  |     1 |       |       |       |       ||     1
       Bend Space        |       |       |     1 |    10 |       ||    11
       Corrupt           |       |       |       |       |     1 ||     1
 Abil: Dig               |       |       |       |     8 |     5 ||    13
  Use: Scroll            |     7 |     3 |     2 |     5 |     8 ||    25
       Potion            |       |     1 |       |     3 |     1 ||     5
  Eat: Chunk             |     2 |     4 |     8 |    10 |    13 ||    37
       Ration            |       |       |     1 |     2 |     4 ||     7
Armor: Leather armour    |     6 |       |       |       |       ||     6
       Scale mail        |    16 |    20 |    19 |       |       ||    55
       Plate armour      |       |       |       |    83 |   119 ||   202
       Skin              |       |       |       |       |    22 ||    22
       Fire dragon scale |       |       |       |       |    31 ||    31
Dodge: Dodged            |    30 |    23 |    26 |    78 |   204 ||   361
Block: Shield            |       |       |       |       |    54 ||    54
